 Dungeon Crawl Stone Soup version 0.31-a0-859-g9dce7d3444 (webtiles) character file.

Game seed: 5578316181711850055

313 Shayle the Changeling (level 6, 0/48 HPs)
             Began as a Human Shapeshifter on Oct 9, 2023.
             Slain by Grinder (5 damage)
             ... on level 4 of the Dungeon.
             The game lasted 00:09:08 (3856 turns).

Shayle the Changeling (Human Shapeshifter)          Turns: 3856, Time: 00:09:10

Health: 0/48       AC:  6    Str: 14    XL:     6   Next: 71%
Magic:  10/10      EV: 10    Int: 13    God:
Gold:   197        SH:  0    Dex: 18    Spells: 7/11 levels left

rFire   . . .        g - +4 mace
rCold   . . .        (no shield)
rNeg    . . .        k - +0 scale mail
rPois   +            (helmet currently unavailable)
rElec   .            (cloak currently unavailable)
rCorr   .            (gloves currently unavailable)
SInv    .            (boots currently unavailable)
Will    .....        (no amulet) Stlth
                     v - ring of poison resistance
HPRegen 0.28/turn    w - +6 ring of dexterity
MPRegen 0.12/turn

%: no passive effects
@: beast-form
A: beast (slay +2)
a: Begin Untransformation


You were on level 4 of the Dungeon.
You were a hulking beast.
You visited 1 branch of the dungeon, and saw 4 of its levels.

You collected 197 gold pieces.

Inventory:

Hand Weapons
 g - a +4 mace (weapon)
Armour
 a - a +0 animal skin
 k - a +0 scale mail (worn)
 l - a +0 helmet
Jewellery
 v - a ring of poison resistance (left hand)
 w - a +6 ring of dexterity (right hand)
Talismans
 c - a beast talisman (active)
 d - a flux talisman
Wands
 b - a wand of flame (26)
Scrolls
 i - 2 scrolls of fog
 r - a scroll of torment {unknown}
Potions
 f - a potion of might {unknown}
 h - 2 potions of degeneration
 m - a potion of mutation
 o - a potion of heal wounds {unknown}
 s - a potion of cancellation {unknown}
 t - a potion of brilliance {unknown}
 u - a potion of ambrosia {unknown}


   Skills:
 + Level 3.7 Fighting
 - Level 2.0 Dodging
 - Level 3.0 Unarmed Combat
 + Level 3.0 Spellcasting
 + Level 4.4 Shapeshifting


You had 7 spell levels left.
You knew the following spells:

 Your Spells              Type           Power      Damage    Failure   Level
a - Blink                 Tloc           2%         N/A       83%         2
b - Searing Ray           Conj           2%         2d4       83%         2

Your spell library contained the following spells:

 Spells                   Type           Power      Damage    Failure   Level
 Magic Dart               Conj           4%         1d3       71%         1
 Necrotise                Necr           4%         1d4       71%         1
 Summon Guardian Golem    Hex/Summ       1%         N/A       97%         3
 Vampiric Draining        Necr           1%         2d6       97%         3
 Fulminant Prism          Conj/Hex       0%         3d5       100%        4
 Manifold Assault         Tloc           1%         N/A       100%        4
 Agony                    Necr           1%         N/A       100%        5
 Orb of Destruction       Conj           0%         9d5       100%        7
 Spellforged Servitor     Conj/Summ      0%         N/A       100%        7


Dungeon Overview and Level Annotations

Branches:
Dungeon (4/15)
 Temple: D:4-7

Altars:

Shops:
D:1 ?[

Annotations:
D:3 3 runed translucent doors, Fodor's ghost, amateur MiFi
D:4 Dowan; Duvessa; Grinder


Message History

You suddenly lose the ability to move!
You can move again.
You hit Grinder.
Grinder is lightly wounded.
Grinder completely misses you. Grinder gestures at you.
Pain shoots through your body!
You hit Grinder.
Grinder is lightly wounded.
Grinder barely misses you.
Unknown command.
You closely miss Grinder.
Grinder is lightly wounded.
Grinder barely misses you.
You hit Grinder.
Grinder is moderately wounded.
Grinder gestures at you. Pain shoots through your body! Grinder hits you.
You writhe in agony.
Unknown command.
You thump Grinder!
Grinder is heavily wounded.
Grinder hits you!
You hit Grinder.
Grinder is heavily wounded.
Grinder hits you!
You writhe in agony.
Grinder hits you.
You writhe in agony.
Unknown command.
You hit Grinder.
Grinder is severely wounded.
Grinder hits you!
* * * LOW HITPOINT WARNING * * *
You writhe in agony.
* * * LOW HITPOINT WARNING * * *
Unknown command.
You hit Grinder.
Grinder is almost dead.
Grinder hits you.
* * * LOW HITPOINT WARNING * * *
You writhe in agony.
You die...
Grinder says, "Now the real fun starts!"

###### ****** #######....#
*,,,.######..........#
*.,,,..#....#.###.#..#######
*..,,#.#....5..............#
*##.##.#...h#.###.#........#
#......###.#.#(#.#..<.....#
#......###.#.###.#........#
#.........[...............#
#....).....#.###.#.#..##..#
#......###............#*#.#
#......####.####..#....#*.#
###.#.#####.#####..........
*******#,#.*####.######........,


You could see Grinder.

Vanquished Creatures
  A scorpion (D:4)
  A hound (D:3)
  An iguana (D:4)
  Robin (D:1)
  4 gnolls (D:3)
  5 adders
  An ufetubus (D:3)
  A worm (D:4)
  3 dart slugs
  10 ball pythons
  4 bats
  6 endoplasms
  3 giant cockroaches
  12 goblins
  16 hobgoblins
  5 kobolds
  4 quokkas
  3 frilled lizards
  7 rats
88 creatures vanquished.

Notes
Turn   | Place    | Note
-------+----------+-------------------------------------------
     0 | D:1      | Shayle the Human Shapeshifter began the quest for the Orb.
     0 | D:1      | Reached XP level 1. HP: 15/15 MP: 1/1
    72 | D:1      | Found Niurulun's Antique Armour Shoppe.
   213 | D:1      | Reached XP level 2. HP: 20/21 MP: 2/2
   254 | D:1      | Found The Oracle's Delphic Readings.
   528 | D:1      | Reached skill level 1 in Spellcasting
   565 | D:1      | Found a faded altar of an unknown god.
   863 | D:1      | Reached XP level 3. HP: 25/27 MP: 4/4
  1179 | D:2      | Noticed Robin
  1552 | D:2      | Reached XP level 4. HP: 33/33 MP: 6/6
  1719 | D:1      | Killed Robin
  1973 | D:2      | Reached XP level 5. HP: 38/39 MP: 6/8
  2690 | D:3      | Found a runed translucent gate.
  2691 | D:3      | Found a runed translucent gate.
  2692 | D:3      | Found a runed translucent gate.
  2694 | D:3      | Noticed Fodor's ghost (amateur MiFi)
  3146 | D:4      | Reached skill level 4 in Shapeshifting
  3178 | D:4      | Reached XP level 6. HP: 40/47 MP: 8/10
  3295 | D:4      | Noticed Grinder
  3470 | D:4      | Noticed Dowan
  3472 | D:4      | Noticed Duvessa
  3686 | D:3      | Learned a level 2 spell: Blink
  3689 | D:3      | Learned a level 2 spell: Searing Ray
  3847 | D:4      | Paralysed by Grinder for 2 turns
  3856 | D:4      | Slain by Grinder

Illustrated notes

Levels and vault maps discovered:
D:1:      dpeg_arrival_water_fire, layout_basic,
          shapermc_ecumenical_altar_hornbeckon, serial_shops, shop,
          nicolae_nh_oracle_at_delphi
D:2:      kennysheep_big_flooded_room, layout_rooms, uniq_robin
D:3:      layout_basic, gammafunk_ghost_necromancy
D:4:      layout_rooms, nicolae_tso_besieged_by_evil, serial_shops, shop,
          minmay_surrounded, uniq_grinder, uniq_duvessa

Skill      XL: |  1  2  3  4  5  6 |
---------------+-------------------+-----
Spellcasting   | 1 2 3 |  3.0
Fighting       | 2 3 |  3.7
Shapeshifting  | 4 |  4.4
Dodging        | |  2.0
Unarmed Combat | |  3.0

Action                     |  1- 3 |  4- 6 || total
---------------------------+-------+-------++-------
  Melee: Unarmed           |   106 |   208 ||   314
         Punch             |     1 |     5 ||     6
         Mace              |       |     8 ||     8
    Use: Potion            |       |     3 ||     3
         Scroll            |       |     7 ||     7
 Armour: Animal skin       |    39 |       ||    39
         Scale mail        |    21 |   180 ||   201
         Skin              |       |     1 ||     1
  Dodge: Dodged            |    65 |   150 ||   215

Table legend: (Time is in decaauts)
 A = Elapsed time spent in this place.
 B = Non-inter-level travel time spent in this place.
 C = Inter-level travel time spent in this place.
 D = Time resting spent in this place.
 E = Time spent auto-exploring this place.
 F = Levels seen in this place.
 G = Mean time per level.
                   A        B        C        D        E       F      G
               +--------+--------+--------+--------+--------+-----+--------+
         Total |   3857 |   3425 |    432 |    721 |   1656 |   4 |  964.2 |
       Dungeon |   3857 |   3425 |    432 |    721 |   1656 |   4 |  964.2 |
               +--------+--------+--------+--------+--------+-----+--------+

Top non-repeatable levels by time:
     D:1: 1622 daAuts
     D:3: 1380 daAuts
     D:2: 635 daAuts
     D:4: 219 daAuts
